 Dungeon Sprint DCSS version 0.13-a0-2301-g23820b6 (webtiles) character file.

764 Bruce the Conjurer (level 7, 0/36 HPs)
             Began as a Tengu Fire Elementalist on July 8, 2013.
             Was the Champion of Sif Muna.
             Slain by a hell hound (6 damage)
             ... in the Dungeon (Sprint V: "Ziggurat Sprint").
             The game lasted 00:02:27 (220 turns).

Bruce the Conjurer (Tengu Fire Elementalist)         Turns: 220, Time: 00:02:27

HP   0/36        AC  9     Str 14      XL: 7   Next: 76%
MP  22/23        EV 12     Int 24      God: Sif Muna [******]
Gold 20          SH 15     Dex 14      Spells:  2 memorised, 18 levels left

Res.Fire  : + . .   See Invis. : .   q - +9,+6 lance "Wyrmbane" {slay drac, +Rage r Res.Cold : . . . Warding : . a - +0 robe Life Prot.: . . . Conserve : . u - +3 buckler
Res.Poison: +       Res.Corr.  : .   (helmet restricted)
Res.Elec. : .       Clarity    : .   H - +1 cloak {rPois}
Sust.Abil.: . .     Spirit.Shd : .   (no gloves)
Res.Mut.  : .       Prev.Telep.: +   (boots unavailable)
Res.Rott. : .       Flight     : .   (no amulet)
Saprovore : . . .                    s - +6 ring of intelligence
                                     v - +6 ring of strength

@: slightly resistant to hostile enchantments, fairly stealthy
A: able to fly, beak, talons 3
a: Fly, Channel Energy, Forget Spell, Renounce Religion, Evoke Berserk Rage


You were in the Dungeon.
You worshipped Sif Muna.
Sif Muna was exalted by your worship.
You were completely stuffed.

You visited 1 branch

Inventory:

Hand weapons
 n - the cursed +12,+15 obsidian axe {chop, +Fly Str+3 SInv Curse}
   (You found it in the Dungeon)

   It inflicts extra damage upon your enemies.
   It affects your strength (+3).
   It enhances your eyesight.
   It lets you fly.
   It may recurse itself.
   It has a curse placed upon it.
 q - the +9,+6 lance "Wyrmbane" (weapon) {slay drac, +Rage rPois rF+ AC+5}
   (You found it in the Dungeon)

   This legendary weapon is deadly to all dragonkind.
   It also provides some protection from the breath attacks of dragons and other
   creatures.
   It affects your AC (+5).
   It protects you from fire.
   It protects you from poison.
   It lets you go berserk.
Armour
 a - a +0 robe (worn)
 u - a +3 buckler (worn)
 H - a +1 cloak of poison resistance (worn)
Magical devices
 D - a wand of disintegration (7)
 E - a wand of fire (5)
 F - a wand of cold (2)
 G - a wand of draining (4)
Comestibles
 c - 5 bread rations
 r - 42 strawberries
 t - 4 meat rations
Scrolls
 i - 2 scrolls of blinking
 w - 3 scrolls of amnesia
 x - 3 scrolls of recharging
 y - 6 scrolls of fog
 A - 5 scrolls of identify
 B - 2 scrolls of remove curse
 C - 2 scrolls of fear
Jewellery
 s - a +6 ring of intelligence (right hand)
 v - a +6 ring of strength (left hand)
Potions
 d - 10 potions of curing
 e - 10 potions of heal wounds
 f - 6 potions of speed
 g - 7 potions of magic
 h - 3 potions of berserk rage
 j - 2 potions of brilliance
 k - 2 potions of invisibility
 l - 2 potions of restore abilities
 m - 4 potions of resistance
 o - 4 potions of agility
 p - 4 potions of might
Books
 b - a book of Flames

   Spells                             Type                      Level
   *Flame Tongue                      Conjuration/Fire             1
   Throw Flame                        Conjuration/Fire             2
   Conjure Flame                      Conjuration/Fire             3
   Inner Flame                        Hexes/Fire                   3
   Sticky Flame                       Conjuration/Fire             4
   *Fireball                          Conjuration/Fire             5


   Skills:
 - Level 2.1 Dodging
 - Level 2.0 Stealth
 + Level 6.7 Shields
 * Level 9.4 Spellcasting
 + Level 10.0 Conjurations
 + Level 9.1 Fire Magic
 - Level 3.6 Evocations


You had 18 spell levels left.
You knew the following spells:

 Your Spells              Type           Power        Failure   Level  Hunger
a - Flame Tongue          Conj/Fire      #####        1%          1    None
b - Fireball              Conj/Fire      ######....   3%          5    ####...


Dungeon Overview and Level Annotations

Branches:
Dungeon (1/1)

Altars:
Ashenzari
Cheibriados
Elyvilon
Fedhas
Kikubaaqudgha
Makhleb
Nemelex Xobeh
Okawaru
Sif Muna
Trog
Vehumet
Xom
Yredelemnul
Zin
the Shining One
Beogh
Jiyva
Lugonu


Innate Abilities, Weirdness & Mutations

You can fly.
You have a beak for a mouth.
You have claws for feet.


Message History

Aim: a hell hound The bolt of cold misses the hell hound.
This wand has 2 charges left.
The hell hound barely misses you. The hell hound misses you.
The hell hound breathes fire at you. The blast of flame hits you! You resist.
One of your 3 scrolls of blinking catches fire!
The hell hound breathes fire at you. The blast of flame hits you! You resist.
One of your 7 scrolls of fog catches fire!
You barely miss the hell hound. Your kick misses the hell hound.
The hell hound is almost dead.
You block the hell hound's attack. The hell hound breathes fire at you.
The blast of flame hits you! You resist.
Two of your 4 scrolls of remove curse catch fire!
* * * LOW HITPOINT WARNING * * *
The hell hound bites you but does no damage.
The hell hound bites you.
You die...

###################
#.8©8.#.8©8.#.8©8.#
#.):|.#..)).#.....#
#..)..#.....#...).#
#.....#.....#.....#
#.....#.....#.....#
#.hhh.#.....#.%...#
#..@..#.....#######
#############


You could see 3 hell hounds.

Vanquished Creatures
  3 toenail golems (D)
  A hell hound (D)
  2 steam dragons (D)
6 creatures vanquished.

Notes
Turn   | Place    | Note
--------------------------------------------------------------
     0 | D        | Bruce, the Tengu Fire Elementalist, began the quest for the Orb.
     0 | D        | Reached XP level 1. HP: 10/10 MP: 3/3
     1 | D        | Found an ancient bone altar of Kikubaaqudgha.
     1 | D        | Found a white marble altar of Elyvilon.
     2 | D        | Found an iron altar of Okawaru.
     2 | D        | Found a burning altar of Makhleb.
     4 | D        | Found a deep blue altar of Sif Muna.
     4 | D        | Found a sparkling altar of Nemelex Xobeh.
     5 | D        | Found a bloodstained altar of Trog.
    19 | D        | Became a worshipper of Sif Muna the Loreminder
    20 | D        | Acquired Sif Muna's first power
    20 | D        | Reached skill level 4 in Conjurations
    20 | D        | Reached skill level 5 in Fire Magic
    20 | D        | Reached XP level 2. HP: 15/15 MP: 4/6
    23 | D        | Found a radiant altar of Vehumet.
    31 | D        | Found a basalt altar of Yredelemnul.
    35 | D        | Found a shimmering altar of Xom.
    57 | D        | Entered arena 1.
    57 | D        | Noticed a steam dragon
    57 | D        | Noticed a steam dragon
    61 | D        | Killed a steam dragon
    61 | D        | Acquired Sif Muna's second power
    61 | D        | Reached skill level 6 in Conjurations
    61 | D        | Reached XP level 3. HP: 17/19 MP: 7/9
    61 | D        | Reached XP level 4. HP: 21/24 MP: 8/11
    66 | D        | Killed a steam dragon
    66 | D        | Reached skill level 7 in Conjurations
    66 | D        | Reached XP level 5. HP: 24/28 MP: 9/17
   112 | D        | Learned a level 5 spell: Fireball
   115 | D        | Entered arena 2.
   115 | D        | Noticed a toenail golem
   115 | D        | Noticed a toenail golem
   115 | D        | Noticed a toenail golem
   124 | D        | Killed a toenail golem
   124 | D        | Acquired Sif Muna's third power
   124 | D        | Reached skill level 5 in Shields
   124 | D        | Reached skill level 8 in Conjurations
   124 | D        | Reached XP level 6. HP: 26/32 MP: 18/20
   131 | D        | Killed a toenail golem
   131 | D        | Reached skill level 9 in Conjurations
   131 | D        | Reached XP level 7. HP: 29/36 MP: 20/22
   135 | D        | Killed a toenail golem
   216 | D        | Entered arena 3.
   216 | D        | Noticed a hell hound
   216 | D        | Noticed a hell hound
   216 | D        | Noticed a hell hound
   216 | D        | Noticed a hell hound
   218 | D        | Killed a hell hound
   218 | D        | Received a gift from Sif Muna
   218 | D        | Reached skill level 10 in Conjurations
   220 | D        | Slain by a hell hound

Action                   |  1- 3 |  4- 6 |  7- 9 || total
-------------------------+-------+-------+-------++-------
Melee: Lance             |     1 |    17 |     5 ||    23
Evoke: Wand              |     1 |       |     3 ||     4
  Use: Potion            |     1 |     2 |     1 ||     4
